 Dungeon Crawl Stone Soup version 0.28-a0-1638-g9123634e07 (webtiles) character file.

Game seed: 3194172839475676801

961 HallandMoats the Brooding (level 8, -1/61 HPs)
             Began as a Ghoul Fighter on Jan 25, 2022.
             Was a Priest of Hepliaklqana.
             Slain by a gnoll (2 damage)
             ... on level 6 of the Dungeon.
             The game lasted 00:05:13 (3380 turns).

HallandMoats the Brooding (Ghoul Fighter)           Turns: 3380, Time: 00:05:14

Health: -1/61      AC: 11    Str: 26    XL:     8   Next: 15%
Magic:  10/10      EV: 10    Int:  5    God:    Hepliaklqana [***...]
Gold:   216        SH:  4    Dex:  8    Spells: 7/7 levels left

rFire   . . .      SeeInvis .   g - +0 flail (protect)
rCold   + . .      Faith    .   c - +0 buckler
rNeg    + + +      Spirit   .   b - +0 scale mail
rPois   ∞          Reflect  .   (no helmet)
rElec   .          Harm     .   (no cloak)
rCorr   .          Rampage  .   h - +0 pair of gloves
Will    .....                   (no boots)
Stlth   ..........              (no amulet)
HPRegen 0.00/turn               p - +4 ring of protection
MPRegen 0.12/turn               m - +6 ring of strength

@: mighty, corroded, under a protective aura, mesmerised, inhibited regen
A: reduced essence, claws 1, cold resistance 1, negative energy resistance 3,
inhibited regeneration, torment resistance 2
a: Renounce Religion, Recall Ancestor, Ancestor Identity, Transference


You were on level 6 of the Dungeon.
You worshipped Hepliaklqana.
Hepliaklqana was most pleased with you.
You visited 1 branch of the dungeon, and saw 8 of its levels.

You collected 236 gold pieces.
You spent 20 gold pieces at shops.

Inventory:

Hand Weapons
 a - a +0 trident
 g - a +0 flail of protection (weapon)
Armour
 b - a +0 scale mail (worn)
 c - a +0 buckler (worn)
 h - a +0 pair of gloves (worn)
Jewellery
 l - a ring of flight
 m - a +6 ring of strength (right hand)
 o - a ring of ice
 p - a +4 ring of protection (left hand)
Wands
 s - a wand of flame (25)
 u - a wand of digging (8)
 x - a wand of mindburst (17)
 y - a wand of acid (9)
Scrolls
 e - a scroll of brand weapon
 f - a scroll of noise {unknown}
 i - a scroll of immolation {unknown}
 j - a scroll of enchant weapon {unknown}
 n - a scroll of teleportation {unknown}
 q - a scroll of fog {unknown}
 r - a scroll of fear {unknown}
 t - a scroll of blinking {unknown}
 v - a scroll of amnesia {unknown}
Potions
 d - a potion of might
 k - a potion of ambrosia {unknown}
 w - a potion of brilliance {unknown}
 z - a potion of lignification {unknown}


   Skills:
 + Level 5.0 Fighting
 + Level 3.4 Polearms
 + Level 4.1 Armour
 + Level 2.7 Dodging
 + Level 4.1 Shields
 * Level 5.1 Invocations


You had 7 spell levels left.
You didn't know any spells.
Your spell library contained the following spells:

 Spells                   Type           Power      Damage    Failure   Level
 Shock                    Conj/Air       0%         1d3       83%         1
 Slow                     Hex            0%         N/A       83%         1
 Confusing Touch          Hex            0%         N/A       99%         3
 Swiftness                Air            0%         N/A       99%         3
 Vampiric Draining        Necr           0%         2d6       99%         3
 Airstrike                Air            0%         N/A       100%        4
 Petrify                  Tmut/Erth      0%         N/A       100%        4
 Irradiate                Conj/Tmut      0%         3d13      100%        5
 Sublimation of Blood     Necr           Unusable   N/A       N/A         2

Dungeon Overview and Level Annotations

Branches:
Dungeon (8/15)             Temple (0/1) D:4
   Lair: D:8-11

Altars:
Fedhas
Hepliaklqana
Qazlal
Yredelemnul
Zin

Shops:
D:3 :[?

Annotations:
D:6 Maggie
D:7 Dowan


Innate Abilities, Weirdness & Mutations

Your life essence is reduced to manifest your ancestor. (-10% HP)
You thrive by killing the living.
You are immune to poison.
You have sharp fingernails.
Your flesh is cold resistant. (rC+)
You are immune to negative energy. (rN+++)
You do not regenerate when monsters are visible.
You are immune to unholy pain and torment.


Message History

You are mesmerised by Maggie!
The gnoll hits you from afar with a +0 spear.
Arif hits the gnoll with a +0 dagger of draining.
You sock the gnoll!
Your weapon exudes an aura of protection.
The gnoll is severely wounded.
The gnoll hits Arif with a +0 halberd.
The gnoll hits Arif with a +0 spear!
The gnoll closely misses you.
Arif points at the gnoll and mumbles some strange words.
The gnoll resists with significant effort.
The gnoll barely misses Arif.
You hit the gnoll but do no damage.
The gnoll is severely wounded.
Maggie casts a spell.
Maggie draws you further into her thrall.
The gnoll misses Arif.
You block the gnoll's attack.
Arif hits the gnoll with a +0 dagger of draining!
Arif drains the gnoll.
The gnoll dies!
The gnoll barely misses Arif.
The gnoll hits you but does no damage.
You barely miss the gnoll.
The gnoll is severely wounded.
The gnoll closely misses Arif.
The gnoll hits you but does no damage.
The ogre closely misses Arif.
Arif closely misses the gnoll.
You hit the gnoll.
You kill the gnoll!
You feel better.
Maggie zaps a wand.
The bolt of acid hits you!! The acid corrodes you!
The gnoll closely misses Arif.
Arif casts a spell at Maggie.
Maggie resists with some effort.
The ogre hits Arif with a +0 giant club!!
Arif is destroyed!
The gnoll hits you but does no damage.
You feel very mighty all of a sudden. The gnoll closely misses you.
Maggie zaps a wand.
The bolt of acid hits you!!
Ouch! That really hurt!
* * * LOW HITPOINT WARNING * * *
The acid corrodes you!
The gnoll hits you from afar with a +0 spear.
You die...

#......#..|.....#
#..#####....#
#..##...##..#
#R.......#..#
#g##....♣##†#
#.#.....♣.#÷#
#.#......♣#)#
#.#...O)@♣#>#
#.#.).gg@♣###
#.......♣♣
##.......#
##......#
#.....## ##....#
######


You could see Maggie (mesmerising), an ogre and 2 gnolls.

Vanquished Creatures
  A necrophage (D:5)
  A centaur (D:6)
  A scorpion (D:4)
  A howler monkey (D:7)
  A bullfrog skeleton (D:5)
  A hound (D:5)
  A scorpion zombie (D:5)
  An iguana (D:6)
  2 hound skeletons (D:4)
  5 gnolls
  5 adders
  3 ball pythons
  2 endoplasms (D:2)
  4 goblins
  4 hobgoblins
  A jackal (D:1)
  3 quokkas
  7 bats
  2 frilled lizards (D:1)
  3 kobolds
  3 rats
52 creatures vanquished.

Vanquished Creatures (collateral kills)
  2 ogres
  A phantom (D:3)
  A jelly (D:3)
  A gnoll shaman (D:6)
  A hound (D:5)
  2 iguanas
  A hound skeleton (D:4)
  2 gnolls (D:6)
  A shadow imp (D:5)
  A worm (D:4)
  2 endoplasms
  A ball python (D:3)
  A bat (D:3)
  2 kobolds
19 creatures vanquished.

Vanquished Creatures (others)
  A hexer (D:6)
  3 fungi (D:3)
  A plant (D:3)
5 creatures vanquished.

Grand Total: 76 creatures vanquished

Notes
Turn   | Place    | Note
-------+----------+-------------------------------------------
     0 | D:1      | HallandMoats the Ghoul Fighter began the quest for the Orb.
     0 | D:1      | Reached XP level 1. HP: 19/19 MP: 0/0
   106 | D:1      | Reached XP level 2. HP: 8/26 MP: 1/1
   336 | D:1      | Reached skill level 1 in Invocations
   737 | D:1      | Found a faded altar of an unknown god.
   742 | D:1      | Prayed at the altar of an unknown god.
   742 | D:1      | Became a worshipper of Hepliaklqana the Forgotten
   742 | D:1      | Reached * piety under Hepliaklqana
   868 | D:1      | Reached XP level 3. HP: 25/27 MP: 1/3
  1338 | D:2      | Reached XP level 4. HP: 29/35 MP: 4/4
  1565 | D:2      | Reached ** piety under Hepliaklqana
  1566 | D:2      | Remembered your ancestor Arif as a hexer
  1723 | D:3      | Noticed a phantom
  1735 | D:3      | Killed a phantom
  1736 | D:3      | Reached skill level 1 in Dodging
  1736 | D:3      | Reached XP level 5. HP: 25/41 MP: 5/5
  1903 | D:3      | Found Yvanat's Book Emporium.
  1927 | D:3      | Found Xytay's Antique Armour Boutique.
  2149 | D:3      | Found Meixusche's Magic Scroll Emporium.
  2152 | D:3      | Bought a scroll of identify for 20 gold pieces
  2235 | D:3      | Found a blossoming altar of Fedhas.
  2235 | D:3      | Found a stormy altar of Qazlal.
  2391 | D:4      | Found a staircase to the Ecumenical Temple.
  2412 | D:4      | Reached XP level 6. HP: 45/46 MP: 7/7
  2659 | D:4      | Found a basalt altar of Yredelemnul.
  2766 | D:5      | Entered Level 5 of the Dungeon
  2769 | D:5      | Noticed a necrophage
  2773 | D:5      | Reached XP level 7. HP: 38/54 MP: 7/9
  3055 | D:5      | You fall into a shaft and drop 3 floors!
  3067 | D:8      | Reached *** piety under Hepliaklqana
  3084 | D:7      | Noticed Dowan
  3099 | D:6      | Reached XP level 8. HP: 24/60 MP: 7/10
  3120 | D:6      | Reached skill level 5 in Invocations
  3340 | D:6      | Noticed Maggie
  3349 | D:6      | Reached skill level 5 in Fighting
  3380 | D:6      | HP: 1/61 [Maggie/bolt of acid (33)]
  3380 | D:6      | Slain by a gnoll

Illustrated notes

Levels and vault maps discovered:
D:1:      heliophobic_arrival_ceremonial_halls, layout_basic,
          shapermc_ecumenical_altar_notcrosses, minmay_misc_feat_columns,
          minmay_stone_trees_medium, minmay_domino_4
D:2:      layout_loops_ring
D:3:      layout_rooms, grunt_temple_overflow_forces_of_nature, serial_shops,
          nicolae_shop_behind_doors, shop, nicolae_shop_hallway_stairs
D:4:      layout_rooms, lemuel_coloured_pillars_altar,
          minmay_temple_entry_junction
D:5:      layout_cave_pools, mainiacjoe_overflow_boulevard,
          mainiacjoe_overflow_alcove_4
D:6:      layout_basic, zin_academy, uniq_maggie, uniq_edmund
D:7:      layout_basic, nicolae_overflow_crystal_walls, uniq_duvessa
D:8:      layout_basic, serial_shops, shop, minmay_diced_spiral, uniq_harold,
          uniq_joseph, uniq_psyche

Skill      XL: |  1  2  3  4  5  6  7  8 |
---------------+-------------------------+-----
Invocations    | 1 2 3 4 5 |  5.1
Polearms       | 2 3 |  3.4
Shields        | 3 4 |  4.1
Armour         | 3 4 |  4.1
Dodging        | 1 2 |  2.7
Fighting       | 4 5 |  5.0

Action                   |  1- 3 |  4- 6 |  7- 9 || total
-------------------------+-------+-------+-------++-------
Melee: Trident           |    15 |       |       ||    15
       Flail             |    96 |    88 |    72 ||   256
Invok: Ancestor Life: He |       |     1 |       ||     1
       Recall Ancestor   |       |       |     1 ||     1
  Use: Scroll            |       |     1 |       ||     1
       Potion            |       |       |     1 ||     1
 Stab: Confused          |       |     1 |     1 ||     2
Armor: Scale mail        |    65 |    58 |    73 ||   196
Dodge: Dodged            |    55 |    52 |    69 ||   176
Block: Buckler           |    24 |    16 |    10 ||    50

Table legend: (Time is in decaauts)
 A = Elapsed time spent in this place.
 B = Non-inter-level travel time spent in this place.
 C = Inter-level travel time spent in this place.
 D = Time resting spent in this place.
 E = Time spent auto-exploring this place.
 F = Levels seen in this place.
 G = Mean time per level.
                   A        B        C        D        E       F      G
               +--------+--------+--------+--------+--------+-----+--------+
         Total |   3493 |   3412 |     81 |      0 |   2695 |   8 |  436.6 |
       Dungeon |   3493 |   3412 |     81 |      0 |   2695 |   8 |  436.6 |
               +--------+--------+--------+--------+--------+-----+--------+

Top non-repeatable levels by time:
     D:1: 1103 daAuts
     D:2: 674 daAuts
     D:3: 638 daAuts
     D:4: 431 daAuts
     D:6: 301 daAuts
     D:5: 301 daAuts
     D:7: 28 daAuts
     D:8: 14 daAuts
